 Dungeon Crawl Stone Soup version 0.21-a0-264-g3e31e41 (webtiles) character file.

289 Leszczynek the Ruffian (level 6, -5/55 HPs)
             Began as a Troll Skald on Sept 8, 2017.
             Slain by an ogre
             ... wielding a cursed -1 giant club
              (29 damage)
             ... on level 5 of the Dungeon.
             The game lasted 00:03:21 (726 turns).

Leszczynek the Ruffian (Troll Skald)                 Turns: 726, Time: 00:03:21

Health: -5/55      AC:  5    Str: 20    XL:     6   Next: 9%
Magic:  5/6        EV: 10    Int: 10    God:
Gold:   99         SH:  0    Dex: 10    Spells: 4/7 levels left

rFire    . . .     SeeInvis .     - Unarmed
rCold    . . .     Gourm    +   (no shield)
rNeg     . . .     Faith    .   a - +0 robe
rPois    .         Spirit   .   (helmet restricted)
rElec    .         Reflect  .   (no cloak)
rCorr    .         Harm     .   (gloves unavailable)
MR       .....                  (boots unavailable)
Stlth    +.........             (no amulet)
HPRegen  0.58/turn              (no ring)
MPRegen  0.10/turn              (no ring)

@: no status effects
A: unfitting armour, claws 3, fast metabolism 3, gourmand, regeneration 1,
shaggy fur 1, tough skin 2
a: no special abilities


You were on level 5 of the Dungeon.
You were very full.

You visited 1 branch of the dungeon, and saw 5 of its levels.

You collected 99 gold pieces.

Inventory:

Armour
 a - a +0 robe (worn)
Scrolls
 g - 2 scrolls of identify {unknown}
 j - a scroll of teleportation {unknown}
Potions
 c - a potion of agility {unknown}
 e - a potion of flight {unknown}
 f - a potion of heal wounds {unknown}
 i - a potion of ambrosia {unknown}
 k - a potion of curing {unknown}
Books
 b - a book of Battle

   Spells                             Type                      Level
   a - Infusion                       Charms                       1
   b - Shroud of Golubria             Charms/Translocation         2
   c - Song of Slaying                Charms                       2
   d - Spectral Weapon                Hexes/Charms                 3
   e - Regeneration                   Charms/Necromancy            3
Comestibles
 d - 3 bread rations
 h - a fruit
 l - a chunk of flesh


   Skills:
 - Level 1.5 Fighting
 - Level 1.9 Dodging
 + Level 6.4 Unarmed Combat
 - Level 1.2 Spellcasting
 - Level 2.0 Charms


You had 4 spell levels left.
You knew the following spells:

 Your Spells              Type           Power        Failure   Level  Hunger
a - Infusion              Chrm           #...         16%         1    ##.....
b - Shroud of Golubria    Chrm/Tloc      #.........   34%         2    ###....


Dungeon Overview and Level Annotations

Branches:
Dungeon (5/15)
 Temple: D:4-7

Altars:
Sif Muna

Annotations:
D:5 Edmund


Innate Abilities, Weirdness & Mutations

You are too large for most types of armour.
You have claws for hands.
Your metabolism is lightning-fast.
You like to eat raw meat.
Your natural rate of healing is unusually fast.
You are covered in fur. (AC +1)
You have very tough skin. (AC +2)


Message History

You scratch the ogre.
The ogre is severely wounded.
The ogre closely misses you.
You barely miss the ogre.
The ogre is severely wounded.
The ogre hits you with a giant club!
You are too injured to fight recklessly!
You barely miss the ogre.
The ogre is severely wounded.
You barely miss the ogre.
The ogre is severely wounded.
The ogre hits you with a giant club!!
* * * LOW HITPOINT WARNING * * *
Edmund the Younger comes into view.
He is wielding a flail of protection.
Edmund shouts!
Your magical contamination has completely faded away.
The ogre shouts!
The ogre hits you with a giant club!!
Ouch! That really hurt!
You die...

.#......####.#.### #####......
#............#...#
##..........
..####.###......###..###......
## #..............## .#...#
...##............## .# ###
#..#....@........# ..
.##....)......###.# .O
....[...##OO#.###'### .O.
##.###...##@###≈≈.≈≈# ...
#......<....#≈≈≈.≈≈≈#
###..###....#≈≈...≈≈# #..
##...#≈≈._.≈≈# #..
#.#.#≈≈...≈≈# .. #.#.#≈≈≈≈≈≈≈#
#.. ..####≈≈≈≈≈## ..# #######
..#


You could see Edmund and 2 ogres.

Vanquished Creatures
  An ogre (D:5)
  A howler monkey (D:5)
  A crimson imp (D:5)
  A hound (D:5)
  A worker ant (D:4)
  4 gnolls
  2 adders (D:3)
  An ooze (D:1)
  A dart slug (D:1)
  4 bats
  A giant cockroach (D:1)
  2 goblins (D:3)
  2 hobgoblins (D:3)
  2 frilled lizards (D:1)
  2 kobolds (D:1)
26 creatures vanquished.

Notes
Turn   | Place    | Note
-------+----------+-------------------------------------------
     0 | D:1      | Leszczynek the Troll Skald began the quest for the Orb.
     0 | D:1      | Reached XP level 1. HP: 19/19 MP: 1/1
   124 | D:1      | Reached XP level 2. HP: 27/27 MP: 2/2
   137 | D:1      | Reached skill level 3 in Unarmed Combat
   141 | D:1      | Learned a level 2 spell: Shroud of Golubria
   275 | D:2      | Reached XP level 3. HP: 27/33 MP: 0/3
   282 | D:2      | Reached skill level 4 in Unarmed Combat
   376 | D:3      | Reached XP level 4. HP: 37/41 MP: 1/4
   624 | D:5      | Entered Level 5 of the Dungeon
   624 | D:5      | Noticed an ogre
   630 | D:5      | Killed an ogre
   630 | D:5      | Reached skill level 5 in Unarmed Combat
   630 | D:5      | Reached XP level 5. HP: 48/48 MP: 2/5
   636 | D:5      | Reached skill level 6 in Unarmed Combat
   656 | D:5      | Reached XP level 6. HP: 46/55 MP: 4/6
   676 | D:5      | Found a deep blue altar of Sif Muna.
   702 | D:5      | HP: 10/55 [ogre/giant club (18)]
   712 | D:5      | Noticed Edmund
   726 | D:5      | Ouch! That really hurt!
   726 | D:5      | Slain by an ogre

Vault maps used:
D:1:      roderic_dead_forest, st_stairs_10, minmay_misc_feat_diagonals
D:3:      trog_butcher_becter
D:4:      first_bread
D:5:      minmay_temple_entry_grid, basic_altar, grunt_ministairs_13,
          led_sif_pool, uniq_edmund, uniq_pikel, uniq_prince_ribbit1

Skill      XL: |  1  2  3  4  5 |
---------------+----------------+-----
Unarmed Combat | 3 4 5 6 |  6.4
Fighting       | |  1.5
Dodging        | |  1.9
Spellcasting   | |  1.2
Charms         | |  2.0

Action                   |  1- 3 |  4- 6 || total
-------------------------+-------+-------++-------
Melee: Unarmed           |    64 |    51 ||   115
 Cast: Shroud of Golubri |     3 |     2 ||     5
 Stab: Sleeping          |     1 |       ||     1
  Eat: Chunk             |     8 |     4 ||    12
Armor: Robe              |    25 |    14 ||    39
Dodge: Dodged            |    29 |    23 ||    52

Table legend:
 A = Spawn XP
 B = Non-spawn XP
 C = Spawn XP percentage of total XP
 D = Spawn monster count
 E = Non-spawn monster count
 F = Spawn count percentage of total count
 G = Total turns spent on level
                    A         B        C        D         E        F      G
               +---------+---------+-------+---------+---------+-------+---------
         Total |       0 |     414 |   0.0 |       0 |      26 |   0.0 |   726
               +---------+---------+-------+---------+---------+-------+---------
           D:1 |       0 |      34 |   0.0 |       0 |       9 |   0.0 |   192
           D:2 |       0 |      45 |   0.0 |       0 |       5 |   0.0 |   143
           D:3 |       0 |      36 |   0.0 |       0 |       7 |   0.0 |   246
           D:4 |       0 |      34 |   0.0 |       0 |       1 |   0.0 |    43
           D:5 |       0 |     265 |   0.0 |       0 |       4 |   0.0 |   102
               +---------+---------+-------+---------+---------+-------+---------
